 Dungeon Crawl Stone Soup version 0.29.0-4-gdea44cf6ec (webtiles) character file.

Game seed: 8413708523085557619

5507 qw the Grappler (level 10, -1/98 HPs)
             Began as a Troll Cinder Acolyte on Sept 3, 2022.
             Was a Priest of Ignis.
             Slain by a two-headed ogre
             ... wielding a +0 dire flail
              (12 damage)
             ... on level 9 of the Dungeon.
             The game lasted 00:03:33 (6370 turns).

qw the Grappler (Troll Cinder Acolyte)              Turns: 6370, Time: 00:03:34

Health: -1/98      AC: 17    Str: 26 (28) XL:     10   Next: 42%
Magic:  10/10      EV:  9    Int:  8 (10) God:    Ignis [***...]
Gold:   89         SH:  5    Dex:  4 (5)  Spells: 11/11 levels left

rFire   + + .      SeeInvis .     - Unarmed
rCold   . . .      Faith    .   (no shield)
rNeg    . . .      Spirit   .   k - +2 robe {rF+}
rPois   +          Reflect  +   (helmet restricted)
rElec   .          Harm     .   (no cloak)
rCorr   .          Rampage  .   (gloves unavailable)
Will    .....                   (boots unavailable)
Stlth   +.........              q - amulet of reflection
HPRegen 1.06/turn               h - ring of poison resistance
MPRegen 0.12/turn               m - +4 ring of protection

@: about to teleport, fiery-armoured
A: large, unfitting armour, claws 3, regeneration 1, shaggy fur 1, tough skin 1,
mutation resistance 1
a: Renounce Religion, Fiery Armour, Foxfire Swarm, Rising Flame


You were on level 9 of the Dungeon.
You worshipped Ignis.
Ignis was most pleased with you.
You visited 1 branch of the dungeon, and saw 9 of its levels.
You also visited: Sewer.

You collected 388 gold pieces.
You spent 299 gold pieces at shops.


Innate Abilities, Weirdness & Mutations

You are too large for most types of armour.
You have claws for hands.
Your natural rate of healing is unusually fast.
You are covered in fur. (AC +1)
You have tough skin. (AC +1)
You are somewhat resistant to further mutation.


   Skills:
 - Level 6.1 Fighting
 - Level 1.8 Throwing
 - Level 1.3 Dodging
 + Level 14.0 Unarmed Combat
 - Level 1.0 Spellcasting
 - Level 2.1 Fire Magic


You had 11 spell levels left.
You didn't know any spells.
Your spell library contained the following spells:

 Spells                   Type           Power      Damage    Failure   Level
 Scorch                   Fire           6%         2d5       24%         2

Inventory:

Missiles
 i - 3 boomerangs (quivered)
Armour
 k - a +2 robe of fire resistance (worn)
Jewellery
 c - a +4 ring of evasion
 h - a ring of poison resistance (left claw)
 m - a +4 ring of protection (right claw)
 n - a ring of poison resistance
 q - an amulet of reflection (around neck)
Scrolls
 d - 4 scrolls of identify
 g - 5 scrolls of teleportation
 j - 2 scrolls of enchant weapon
Potions
 a - a potion of heal wounds
 b - 8 potions of curing
 e - a potion of resistance
 l - a potion of haste

Dungeon Overview and Level Annotations

Branches:
Dungeon (9/15)             Temple (0/1) D:5           Sewer (visited)
   Lair: D:8-11         Orc: D:9-12

Altars:
Cheibriados
Hepliaklqana
Kikubaaqudgha
Makhleb
Nemelex Xobeh
Okawaru
Ru
Sif Muna
Trog
Uskayaw
Vehumet
Wu Jian
Yredelemnul
The Shining One

Shops:
D:7 ?*!?


Message History

The yak is almost dead.
You scratch the yak but do no damage. You claw the yak.
You kill the yak!
The two-headed ogre hits you with a +0 dire flail!!
The two-headed ogre is burned by your cloak of flames.
The two-headed ogre is lightly wounded.
The two-headed ogre misses you.
Your Fighting skill increases to level 6!
6369 ||| Stepping ~*~*~tactically~*~*~ (outnumbered).
The yak attacks as you move away! The yak gores you.
The yak is burned by your cloak of flames.
The yak is moderately wounded.
The troll attacks as you move away! The troll bites you!
The troll is burned by your cloak of flames.
The troll is lightly wounded.
The troll claws you.
The troll is burned by your cloak of flames.
The troll is moderately wounded.
The troll claws you.
The troll is burned by your cloak of flames.
The troll is heavily wounded.
Found an escape hatch in the floor.
6370 ||| READING 6 scrolls of teleportation.
As you read the scroll of teleportation, it crumbles to dust.
You feel strangely unstable.
The orc priest hits you but does no damage.
The orc priest is burned by your cloak of flames.
The orc priest is lightly wounded.
The troll bites you.
The troll is burned by your cloak of flames.
The troll is heavily wounded.
The troll claws you.
The troll is burned by your cloak of flames.
The troll is heavily wounded.
The troll claws you but does no damage.
The troll is burned by your cloak of flames.
The troll is severely wounded.
The two-headed ogre closely misses you.
The two-headed ogre hits you with a +0 giant spiked club!
You die...

# ># # . #/ .# #..
###.#
#)..#.?.#######..#
#.<@####......#
######ooOT...........
#.....oYY####...#...#
#.......{Y......# ...
#.......oY........ .
#............T......
#.....<......YY.....
#..)................
###..........Y.(....


You could see a two-headed ogre, 4 yaks, a troll, an orc warrior, 2 orc priests
and an orc.

Vanquished Creatures
  A hydra (D:6)
  Joseph (D:7)
  A komodo dragon (D:7)
  A hornet (D:9)
  Sigmund (D:4)
  2 wyverns (D:7)
  2 yaks
  A water moccasin (D:8)
  Duvessa (D:4)
  An ice beast (D:5)
  Pargi (Sewer)
  An orc warrior (D:8)
  2 black bears (D:5)
  A sky beast (D:7)
  An ogre (D:5)
  2 centaurs (D:7)
  2 phantoms
  3 bullfrogs (D:8)
  2 kobold brigands
  3 necrophages
  2 gnoll sergeants
  3 scorpions
  7 wights
  Dowan (D:4)
  6 killer bees (D:7)
  A howler monkey (D:7)
  3 orc priests
  3 hounds
  2 jellies
  3 iguanas
  5 orc wizards
  10 gnolls
  5 adders
  A shadow imp (D:4)
  4 ufetubi
  3 worms
  A dart slug (D:3)
  28 orcs
  5 endoplasms
  6 giant cockroaches
  6 goblins
  6 hobgoblins
  4 jackals (D:3)
  3 quokkas
  5 ball pythons
  7 bats
  4 frilled lizards
  13 kobolds
  6 rats
183 creatures vanquished.

Notes
Turn   | Place    | Note
-------+----------+-------------------------------------------
     0 | D:1      | qw the Troll Cinder Acolyte began the quest for the Orb.
     0 | D:1      | Reached XP level 1. HP: 22/22 MP: 1/1
     0 | D:1      | 0 ||| qw: Version: 0.1-a-102-g441f92d
     0 | D:1      | 0 ||| qw: Game counter: 5164
     0 | D:1      | 0 ||| qw: Always use a shield: true
     0 | D:1      | 0 ||| qw: God list: Okawaru
     0 | D:1      | 0 ||| qw: Allow faded altars: false
     0 | D:1      | 0 ||| qw: Do Orc after D:15 true
     0 | D:1      | 0 ||| qw: Do second Lair branch before Depths: true
     0 | D:1      | 0 ||| qw: Lair rune preference: random
     0 | D:1      | 0 ||| qw: Plans: Normal
     0 | D:1      | 0 ||| PLANNING D:1-11
   241 | D:1      | Reached XP level 2. HP: 28/29 MP: 2/2
   639 | D:1      | 639 ||| READING scroll labelled QAYVILLOHOG.
   640 | D:1      | 640 ||| READING scroll labelled ZEPLE GOZAIZ.
   644 | D:1      | 644 ||| DRINKING 3 glowing pink potions.
   686 | D:2      | Reached skill level 4 in Unarmed Combat
   743 | D:2      | Found a faded altar of an unknown god.
   755 | D:2      | 755 ||| Stepping ~*~*~tactically~*~*~ (outnumbered).
   756 | D:2      | 756 ||| Stepping ~*~*~tactically~*~*~ (outnumbered).
   770 | D:2      | Reached XP level 3. HP: 35/36 MP: 3/3
   770 | D:2      | 770 ||| Stepping ~*~*~tactically~*~*~ (outnumbered).
   774 | D:2      | 774 ||| Stepping ~*~*~tactically~*~*~ (stealth).
   776 | D:2      | 776 ||| Stepping ~*~*~tactically~*~*~ (stealth).
  1056 | D:2      | 1056 ||| Stepping ~*~*~tactically~*~*~ (stealth).
  1426 | D:2      | 1426 ||| UPGRADING to ring of poison resistance.
  1427 | D:2      | 1427 ||| READING scroll labelled COSTUATOPS.
  1428 | D:2      | 1428 ||| READING scroll labelled REKAAC TYMIDUD.
  1511 | D:3      | Reached skill level 5 in Unarmed Combat
  1511 | D:3      | Reached XP level 4. HP: 33/44 MP: 4/4
  1587 | D:3      | 1587 ||| Stepping ~*~*~tactically~*~*~ (outnumbered).
  1629 | D:3      | 1629 ||| Stepping ~*~*~tactically~*~*~ (stealth).
  1631 | D:3      | 1631 ||| Stepping ~*~*~tactically~*~*~ (stealth).
  1644 | D:3      | 1644 ||| DRINKING 2 potions of curing.
  1644 | D:3      | 1644 ||| (to cure confusion)
  1734 | D:3      | 1734 ||| Stepping ~*~*~tactically~*~*~ (hiding).
  1907 | D:3      | Reached XP level 5. HP: 44/50 MP: 5/5
  2236 | D:3      | 2236 ||| UPGRADING to +4 ring of protection.
  2237 | D:3      | 2237 ||| READING scroll labelled MEMANW UDUIH.
  2238 | D:3      | 2238 ||| READING scroll labelled JECHIE WAISTI.
  2239 | D:3      | 2239 ||| DRINKING 2 brown potions.
  2240 | D:3      | 2240 ||| DROPPING potion of brilliance.
  2357 | D:4      | Reached skill level 6 in Unarmed Combat
  2357 | D:4      | 2357 ||| Stepping ~*~*~tactically~*~*~ (outnumbered).
  2430 | D:4      | Noticed Duvessa
  2430 | D:4      | Noticed Dowan
  2431 | D:4      | 2431 ||| INVOKING Fiery Armour.
  2438 | D:4      | Killed Duvessa
  2439 | D:4      | Reached XP level 6. HP: 51/59 MP: 6/6
  2442 | D:4      | Killed Dowan
  2443 | D:4      | Reached skill level 7 in Unarmed Combat
  2482 | D:4      | 2482 ||| Stepping ~*~*~tactically~*~*~ (hiding).
  2727 | D:4      | Identified the +2 dagger of the Thirsty Moons {elec, Drain
                  | rF+ Will++ Dex+2}
  2980 | D:4      | Noticed Sigmund
  2992 | D:4      | Killed Sigmund
  2993 | D:4      | Reached skill level 8 in Unarmed Combat
  2993 | D:4      | Reached XP level 7. HP: 63/66 MP: 7/7
  2996 | D:4      | 2996 ||| UPGRADING to +2 robe of fire resistance.
  3006 | D:4      | 3006 ||| DROPPING +0 robe.
  3007 | D:4      | 3007 ||| READING scroll labelled YKEFUFARRI.
  3008 | D:4      | 3008 ||| READING scroll labelled SIFIDE FEON.
  3009 | D:4      | 3009 ||| DRINKING 2 murky clear potions.
  3010 | D:4      | 3010 ||| DROPPING potion of attraction.
  3031 | D:5      | Entered Level 5 of the Dungeon
  3032 | D:5      | 3032 ||| PLANNING SEWER
  3032 | D:5      | 3032 ||| STAIRDANCE
  3051 | D:5      | Found a staircase to the Ecumenical Temple.
  3069 | D:5      | Reached skill level 3 in Fighting
  3164 | D:5      | Found a radiant altar of Vehumet.
  3244 | D:5      | Found a glowing drain.
  3245 | D:5      | 3245 ||| DRINKING 2 lumpy grey potions.
  3245 | D:5      | Gained mutation: You sometimes lose your temper in combat.
                  | [potion of mutation]
  3245 | D:5      | Gained mutation: You heal very quickly. [potion of
                  | mutation]
  3246 | D:5      | 3246 ||| DRINKING potion of mutation.
  3246 | D:5      | Lost mutation: You sometimes lose your temper in combat.
                  | [potion of mutation]
  3246 | D:5      | Lost mutation: You heal very quickly. [potion of mutation]
  3246 | D:5      | Gained mutation: You are somewhat resistant to further
                  | mutation. [potion of mutation]
  3247 | D:5      | 3247 ||| READING 2 scrolls of identify.
  3247 | D:5      | 3247 ||| IDENTIFYING ruby potion
  3273 | Sewer    | Entered a sewer
  3321 | Sewer    | Noticed Pargi
  3329 | Sewer    | Killed Pargi
  3330 | Sewer    | Reached skill level 9 in Unarmed Combat
  3394 | Sewer    | 3394 ||| DRINKING 2 sedimented grey potions.
  3408 | D:5      | 3408 ||| PLANNING D:1-11
  3479 | D:5      | Reached skill level 1 in Throwing
  3479 | D:5      | Reached XP level 8. HP: 75/75 MP: 8/8
  3487 | D:5      | Reached skill level 1 in Dodging
  3747 | D:5      | 3747 ||| UPGRADING to amulet of the acrobat.
  3752 | D:5      | 3752 ||| DROPPING ring of wizardry.
  3753 | D:5      | 3753 ||| READING 3 scrolls of identify.
  3753 | D:5      | 3753 ||| IDENTIFYING bubbling emerald potion
  3754 | D:5      | 3754 ||| READING 2 scrolls of identify.
  3754 | D:5      | 3754 ||| IDENTIFYING sapphire potion
  3755 | D:5      | 3755 ||| DROPPING potion of magic.
  3756 | D:5      | 3756 ||| DROPPING potion of flight.
  3793 | D:6      | Found a burning altar of Makhleb.
  3794 | D:6      | 3794 ||| Stepping ~*~*~tactically~*~*~ (stealth).
  3812 | D:6      | 3812 ||| Stepping ~*~*~tactically~*~*~ (stealth).
  3813 | D:6      | 3813 ||| Stepping ~*~*~tactically~*~*~ (stealth).
  3818 | D:6      | 3818 ||| Stepping ~*~*~tactically~*~*~ (stealth).
  3819 | D:6      | 3819 ||| Stepping ~*~*~tactically~*~*~ (stealth).
  3982 | D:6      | Reached skill level 10 in Unarmed Combat
  4010 | D:6      | Noticed a six-headed hydra
  4011 | D:6      | 4011 ||| INVOKING Fiery Armour.
  4017 | D:6      | 4017 ||| Stepping ~*~*~tactically~*~*~ (outnumbered).
  4018 | D:6      | 4018 ||| Stepping ~*~*~tactically~*~*~ (outnumbered).
  4020 | D:6      | Killed a nine-headed hydra
  4021 | D:6      | Reached XP level 9. HP: 42/89 MP: 9/9
  4021 | D:6      | 4021 ||| FLEEEEING.
  4022 | D:6      | 4022 ||| FLEEEEING.
  4023 | D:6      | 4023 ||| FLEEEEING.
  4024 | D:6      | 4024 ||| FLEEEEING.
  4025 | D:6      | 4025 ||| FLEEEEING.
  4026 | D:6      | 4026 ||| FLEEEEING.
  4027 | D:6      | 4027 ||| FLEEEEING.
  4028 | D:6      | 4028 ||| FLEEEEING.
  4029 | D:6      | 4029 ||| FLEEEEING.
  4030 | D:6      | 4030 ||| FLEEEEING.
  4031 | D:6      | 4031 ||| FLEEEEING.
  4032 | D:6      | 4032 ||| FLEEEEING.
  4033 | D:6      | 4033 ||| FLEEEEING.
  4034 | D:6      | 4034 ||| FLEEEEING.
  4035 | D:6      | 4035 ||| FLEEEEING.
  4036 | D:6      | 4036 ||| FLEEEEING.
  4037 | D:6      | 4037 ||| FLEEEEING.
  4038 | D:6      | 4038 ||| FLEEEEING.
  4039 | D:6      | 4039 ||| FLEEEEING.
  4040 | D:6      | 4040 ||| STAIRDANCE
  4070 | D:6      | 4070 ||| STAIRDANCE
  4193 | D:6      | 4193 ||| Stepping ~*~*~tactically~*~*~ (outnumbered).
  4197 | D:6      | 4197 ||| Stepping ~*~*~tactically~*~*~ (outnumbered).
  4199 | D:6      | 4199 ||| INVOKING Fiery Armour.
  4325 | D:6      | 4325 ||| Stepping ~*~*~tactically~*~*~ (stealth).
  4326 | D:6      | 4326 ||| Stepping ~*~*~tactically~*~*~ (stealth).
  4476 | D:6      | 4476 ||| Stepping ~*~*~tactically~*~*~ (outnumbered).
  4482 | D:6      | 4482 ||| READING scroll labelled KUAQURIEKOE.
  4537 | D:7      | Reached skill level 11 in Unarmed Combat
  4541 | D:7      | 4541 ||| INVOKING Fiery Armour.
  4541 | D:7      | Noticed a komodo dragon
  4547 | D:7      | HP: 16/89 [wyvern (12)]
  4548 | D:7      | 4548 ||| READING 6 scrolls of teleportation.
  4554 | D:7      | 4554 ||| READING 5 scrolls of teleportation.
  4632 | D:7      | 4632 ||| Stepping ~*~*~tactically~*~*~ (hiding).
  4646 | D:7      | 4646 ||| Stepping ~*~*~tactically~*~*~ (outnumbered).
  4681 | D:7      | 4681 ||| INVOKING Fiery Armour.
  4682 | D:7      | 4682 ||| Stepping ~*~*~tactically~*~*~ (outnumbered).
  4683 | D:7      | 4683 ||| Stepping ~*~*~tactically~*~*~ (outnumbered).
  4684 | D:7      | 4684 ||| Stepping ~*~*~tactically~*~*~ (outnumbered).
  4697 | D:7      | Reached skill level 12 in Unarmed Combat
  4733 | D:7      | Noticed Joseph
  4735 | D:7      | Found a hazy altar of Hepliaklqana.
  4736 | D:7      | 4736 ||| Stepping ~*~*~tactically~*~*~ (hiding).
  4738 | D:7      | Paralysed by Joseph for 4 turns
  4750 | D:7      | Killed Joseph
  4794 | D:7      | 4794 ||| Stepping ~*~*~tactically~*~*~ (hiding).
  4903 | D:7      | Found a sacrificial altar of Ru.
  4904 | D:7      | Found a snail-covered altar of Cheibriados.
  4910 | D:7      | Found an ancient bone altar of Kikubaaqudgha.
  4911 | D:7      | Found a bloodstained altar of Trog.
  4914 | D:7      | Found a sparkling altar of Nemelex Xobeh.
  4916 | D:7      | Found a basalt altar of Yredelemnul.
  4916 | D:7      | Found an ornate altar of the Wu Jian Council.
  4925 | D:7      | Found an iron altar of Okawaru.
  4955 | D:7      | Found Katun's General Store.
  4958 | D:7      | 4958 ||| BUYING scroll of teleportation (42 gold).
  4958 | D:7      | Bought a scroll of teleportation for 42 gold pieces
  5003 | D:7      | Found a glowing golden altar of the Shining One.
  5023 | D:7      | Reached XP level 10. HP: 98/98 MP: 10/10
  5052 | D:7      | 5052 ||| Stepping ~*~*~tactically~*~*~ (stealth).
  5117 | D:7      | Found Valaajes's Magic Scroll Shop.
  5122 | D:7      | 5122 ||| SHOPLISTING scroll of acquirement (780 gold, have
                  | 259).
  5122 | D:7      | 5122 ||| BUYING scroll of identify (30 gold).
  5122 | D:7      | Bought a scroll of identify for 30 gold pieces
  5122 | D:7      | 5122 ||| BUYING scroll of teleportation (45 gold).
  5122 | D:7      | Bought a scroll of teleportation for 45 gold pieces
  5177 | D:7      | Found Aloi's Distillery.
  5181 | D:7      | 5181 ||| BUYING 2 potions of heal wounds (120 gold).
  5181 | D:7      | Bought 2 potions of heal wounds for 120 gold pieces
  5181 | D:7      | 5181 ||| BUYING potion of curing (36 gold).
  5181 | D:7      | Bought a potion of curing for 36 gold pieces
  5181 | D:7      | 5181 ||| SHOPLISTING potion of heal wounds (60 gold, have
                  | 28).
  5181 | D:7      | 5181 ||| SHOPLISTING potion of might (48 gold, have 28).
  5214 | D:7      | Reached skill level 13 in Unarmed Combat
  5260 | D:7      | Found Huame's Magic Scroll Boutique.
  5268 | D:7      | 5268 ||| SHOPLISTING scroll of acquirement (676 gold, have
                  | 37).
  5268 | D:7      | 5268 ||| SHOPLISTING scroll of enchant weapon (97 gold,
                  | have 37).
  5268 | D:7      | 5268 ||| BUYING scroll of identify (26 gold).
  5268 | D:7      | Bought a scroll of identify for 26 gold pieces
  5268 | D:7      | 5268 ||| SHOPLISTING scroll of identify (26 gold, have 11).
  5383 | D:7      | Found a shimmering blue altar of Sif Muna.
  5513 | D:7      | 5513 ||| DRINKING 2 black potions.
  5514 | D:7      | 5514 ||| DROPPING potion of degeneration.
  5565 | D:8      | Found a hide-covered altar of Uskayaw.
  5742 | D:8      | 5742 ||| Stepping ~*~*~tactically~*~*~ (outnumbered).
  5743 | D:8      | 5743 ||| Stepping ~*~*~tactically~*~*~ (outnumbered).
  5744 | D:8      | 5744 ||| Stepping ~*~*~tactically~*~*~ (outnumbered).
  5745 | D:8      | 5745 ||| Stepping ~*~*~tactically~*~*~ (outnumbered).
  5746 | D:8      | 5746 ||| Stepping ~*~*~tactically~*~*~ (outnumbered).
  5829 | D:8      | 5829 ||| Stepping ~*~*~tactically~*~*~ (hiding).
  6146 | D:8      | 6146 ||| INVOKING Fiery Armour.
  6155 | D:8      | 6155 ||| Stepping ~*~*~tactically~*~*~ (outnumbered).
  6157 | D:8      | 6157 ||| Stepping ~*~*~tactically~*~*~ (outnumbered).
  6169 | D:8      | 6169 ||| FLEEEEING.
  6170 | D:8      | 6170 ||| FLEEEEING.
  6171 | D:8      | 6171 ||| FLEEEEING.
  6172 | D:8      | 6172 ||| FLEEEEING.
  6173 | D:8      | 6173 ||| FLEEEEING.
  6174 | D:8      | 6174 ||| FLEEEEING.
  6265 | D:8      | 6265 ||| UPGRADING to amulet of reflection.
  6275 | D:8      | 6275 ||| DROPPING amulet of the acrobat.
  6276 | D:8      | 6276 ||| READING scroll labelled MITSANK BIGO.
  6277 | D:8      | 6277 ||| READING scroll labelled XUIDWA HYUPOREM.
  6341 | D:9      | 6341 ||| INVOKING Fiery Armour.
  6341 | D:9      | Noticed a two-headed ogre
  6349 | D:9      | Reached skill level 14 in Unarmed Combat
  6350 | D:9      | 6350 ||| Stepping ~*~*~tactically~*~*~ (outnumbered).
  6351 | D:9      | 6351 ||| Stepping ~*~*~tactically~*~*~ (outnumbered).
  6352 | D:9      | 6352 ||| Stepping ~*~*~tactically~*~*~ (outnumbered).
  6353 | D:9      | 6353 ||| Stepping ~*~*~tactically~*~*~ (outnumbered).
  6355 | D:9      | 6355 ||| Stepping ~*~*~tactically~*~*~ (outnumbered).
  6356 | D:9      | 6356 ||| Stepping ~*~*~tactically~*~*~ (outnumbered).
  6356 | D:9      | HP: 19/98 [orc priest/divine providence (12)]
  6357 | D:9      | 6357 ||| READING 7 scrolls of teleportation.
  6358 | D:9      | 6358 ||| DRINKING 2 potions of heal wounds.
  6359 | D:9      | 6359 ||| Stepping ~*~*~tactically~*~*~ (outnumbered).
  6360 | D:9      | 6360 ||| Stepping ~*~*~tactically~*~*~ (outnumbered).
  6361 | D:9      | 6361 ||| FLEEEEING.
  6362 | D:9      | 6362 ||| FLEEEEING.
  6369 | D:9      | Reached skill level 6 in Fighting
  6369 | D:9      | 6369 ||| Stepping ~*~*~tactically~*~*~ (outnumbered).
  6369 | D:9      | HP: 18/98 [troll (8)]
  6370 | D:9      | 6370 ||| READING 6 scrolls of teleportation.
  6370 | D:9      | Slain by a two-headed ogre

Levels and vault maps discovered:
D:1:      amcnicky_arrival_choice, layout_basic, minmay_pentomino_o2
D:2:      layout_loops_ring, ebering_ecumenical_altar_mist, serial_aquarium,
          aquarium_bridge_square [aquarium_subvault_bridge,
          aquarium_subvault_wall, aquarium_subvault_window,
          aquarium_subvault_wall], aquarium_bridge_long_joined
          [aquarium_subvault_wall, aquarium_subvault_bridge,
          aquarium_subvault_bridge, aquarium_subvault_wall,
          aquarium_subvault_bridge, aquarium_subvault_bridge],
          aquarium_window_3, aquarium_window_1, aquarium_window_1,
          aquarium_window_1, aquarium_view_2a
D:3:      layout_loops_ring
D:4:      layout_basic, uniq_sigmund, uniq_duvessa
D:5:      layout_cave_pools, nicolae_vehumet_radiance,
          minmay_temple_entry_overgrown, cheibrodos_sewer_entry_drain,
          chequers_mini_garden, chequers_serial_rivers_micro_a,
          kennysheep_generic_room_14
D:6:      layout_loops_cross, mainiacjoe_overflow_boulevard
D:7:      layout_gridville, tso_oasis_becter, old_standard_altar,
          nicolae_overflow_hallway_of_the_gods, nicolae_sif_muna_little_library,
          serial_shops, shop_statue, kennysheep_mini_moat,
          kennysheep_little_box, nicolae_stop_n_shop_1, minmay_manual_mess,
          uniq_joseph
D:8:      layout_basic, eat_drink_and_be_merry_uskayaw
D:9:      layout_rooms

Skill      XL: |  1  2  3  4  5  6  7  8  9 10 |
---------------+-------------------------------+-----
Unarmed Combat | 4 5 6 8 9 10 12 14 | 14.0
Fighting       | 3 5 6 |  6.1
Throwing       | 1 |  1.8
Dodging        | 1 |  1.3
Spellcasting   | |  1.0
Fire Magic     | |  2.1

Action                   |  1- 3 |  4- 6 |  7- 9 | 10-12 || total
-------------------------+-------+-------+-------+-------++-------
Melee: Unarmed           |    99 |    98 |   210 |    85 ||   492
       Punch             |     2 |     2 |     2 |     3 ||     9
Throw: Boomerang         |       |     5 |    56 |    31 ||    92
Invok: Fiery Armour      |       |     1 |     4 |     2 ||     7
  Use: Scroll            |     4 |     2 |     8 |     4 ||    18
       Potion            |     1 |     2 |     4 |     2 ||     9
Armor: Robe              |    35 |    26 |   105 |    23 ||   189
Dodge: Dodged            |    28 |    30 |   112 |    33 ||   203
Block: Other             |       |       |       |     3 ||     3

Table legend:
 A = Non-vault XP
 B = Vault XP
 C = Vault XP percentage of total XP
 D = Non-vault monster count
 E = Vault monster count
 F = Vault count percentage of total count
                 A         B        C        D         E       F
            +---------+---------+-------+---------+---------+-------
      Total |    5694 |    2174 |  27.6 |     160 |      23 |  12.6
            +---------+---------+-------+---------+---------+-------
        D:1 |      13 |       4 |  23.5 |       9 |       2 |  18.2
        D:2 |      60 |       0 |   0.0 |      22 |       0 |   0.0
        D:3 |     136 |       0 |   0.0 |      27 |       0 |   0.0
        D:4 |     146 |     428 |  74.6 |       7 |       3 |  30.0
        D:5 |     750 |      17 |   2.2 |      11 |       5 |  31.2
        D:6 |    1694 |       0 |   0.0 |      22 |       0 |   0.0
        D:7 |    1273 |    1587 |  55.5 |      32 |       7 |  17.9
        D:8 |    1080 |       0 |   0.0 |      25 |       0 |   0.0
        D:9 |     542 |       0 |   0.0 |       5 |       0 |   0.0
      Sewer |       0 |     138 | 100.0 |       0 |       6 | 100.0
            +---------+---------+-------+---------+---------+-------
